 Dungeon Crawl Stone Soup version 0.21.1-1-g345015fe64 (webtiles) character file.

12486 3rdEnemy the Markscentaur (level 11, -1/99 HPs)
             Began as a Centaur Hunter on July 16, 2018.
             Was a High Priest of Okawaru.
             Slain by a troll (11 damage)
             ... on level 11 of the Dungeon.
             The game lasted 00:40:51 (10211 turns).

3rdEnemy the Markscentaur (Centaur Hunter)         Turns: 10211, Time: 00:40:52

Health: -1/99      AC: 18    Str: 17    XL:     11   Next: 63%
Magic:  17/17      EV:  8    Int: 10    God:    Okawaru [*****.]
Gold:   469        SH:  0    Dex: 11    Spells: 10/10 levels left

rFire    . . .     SeeInvis .   a - +2 shortbow
rCold    + + .     Gourm    +   (shield currently unavailable)
rNeg     . . .     Faith    .   u - +6 scale mail of Munyo {rPois rC+}
rPois    +         Spirit   .   (no helmet)
rElec    .         Reflect  .   I - +1 cloak {MR+}
rCorr    .         Harm     .   e - +2 pair of gloves
MR       +....                  (no barding)
Stlth    ..........             E - amulet of the gourmand
HPRegen  0.26/turn              c - ring of flight
MPRegen  0.15/turn              J - ring of protection from cold

@: lethally poisoned (-1 -> -2), very quick
A: large, hooves 3, deformed body, speed 2, high mp 1, sense surroundings 1,
poison resistance, tough skin 3
a: Heroism, Finesse, Renounce Religion, Evoke Flight


You were on level 11 of the Dungeon.
You worshipped Okawaru.
Okawaru was extremely pleased with you.
You were completely stuffed.

You visited 1 branch of the dungeon, and saw 11 of its levels.
You also visited: Ossuary.

You collected 739 gold pieces.
You spent 270 gold pieces at shops.

Inventory:

Hand Weapons
 a - a +2 shortbow (weapon)
 b - a +2 great sword of slicing
Missiles
 k - 68 arrows (quivered)
Armour
 e - a +2 pair of gloves (worn)
 u - the +6 scale mail of Munyo (worn) {rPois rC+}
   (You bought it in a shop on level 6 of the Dungeon)

   It protects you from cold.
   It protects you from poison.
 I - a +1 cloak of magic resistance (worn)
Magical Staves
 A - an uncursed staff of energy
Jewellery
 c - a ring of flight (left hand)
 E - an amulet of the gourmand (around neck)
 J - a ring of protection from cold (right hand)
Wands
 H - a wand of acid (15)
Scrolls
 d - 3 scrolls of fear
 n - 2 scrolls of enchant weapon
 o - 12 scrolls of identify
 p - 3 scrolls of enchant armour
 r - 6 scrolls of teleportation
 s - a scroll of fog
 t - 9 scrolls of remove curse
 w - 2 scrolls of amnesia
 B - a scroll of magic mapping
 C - 2 scrolls of brand weapon {unknown}
 D - a scroll of noise {unknown}
Potions
 g - 3 potions of ambrosia
 h - a potion of lignification
 j - a potion of curing
 l - 4 potions of heal wounds
 m - a potion of flight
 q - 3 potions of agility
 v - a potion of might {unknown}
 x - 3 potions of brilliance
 z - a potion of invisibility {unknown}
 K - a potion of magic {unknown}
Books
 i - a book of Enchantments

   Spells                             Type                      Level
   a - Cause Fear                     Hexes                        4
   b - Yara's Violent Unravelling     Hexes/Transmutation          5
   c - Silence                        Hexes/Air                    5
   d - Deflect Missiles               Charms/Air                   6
   e - Discord                        Hexes                        8
 y - a book of Maledictions

   Spells                             Type                      Level
   a - Corona                         Hexes                        1
   b - Ensorcelled Hibernation        Hexes/Ice                    2
   c - Confuse                        Hexes                        3
   d - Tukima's Dance                 Hexes                        3
   e - Dazzling Spray                 Conjuration/Hexes            3
 F - a book of Beasts

   Spells                             Type                      Level
   a - Summon Butterflies             Summoning                    1
   b - Call Canine Familiar           Summoning                    3
   c - Summon Ice Beast               Ice/Summoning                4
   d - Summon Mana Viper              Hexes/Summoning              5
   e - Summon Hydra                   Summoning                    7
Miscellaneous
 L - a crystal ball of energy
Comestibles
 f - 22 rations
 G - 3 chunks of flesh


   Skills:
 - Level 10.0 Fighting
 * Level 17.5 Bows
 + Level 2.9 Armour
 + Level 3.0 Dodging
 - Level 0.5 Stealth
 + Level 6.0 Invocations


You had 10 spell levels left.
You didn't know any spells.

Dungeon Overview and Level Annotations

Branches:
Dungeon (11/15)            Temple (0/1) D:5             Orc (0/2) D:10
   Lair: D:8-11

Altars:
Cheibriados
Dithmenos
Fedhas
Hepliaklqana
Kikubaaqudgha
Nemelex Xobeh
Okawaru
Qazlal
Trog
Uskayaw
Xom
Yredelemnul
The Shining One

Shops:
D:6 :?:[   D:10 }


Innate Abilities, Weirdness & Mutations

You have hooves in place of feet.
Armour fits poorly on your strangely shaped body.
You cover ground very quickly.
You have extremely tough skin. (AC +3)
You have an increased reservoir of magic. (+10% MP)
You passively map a small area around you.
Your system is resistant to poisons. (rPois)


Message History

Aim: a killer bee (almost dead)
You shoot an arrow. The arrow barely misses the killer bee.
The killer bee stings you but does no damage.
Firing (i - inventory):
k - 70 arrows (quivered)
Press: ? - help, Shift-Dir - straight line, f/p - killer bee
Aim: a killer bee (almost dead)
You shoot an arrow. The arrow misses the killer bee.
The killer bee stings you but does no damage.
The troll barely misses you. The troll claws you but does no damage.
The troll claws you.
* * * LOW HITPOINT WARNING * * *
Firing (i - inventory):
k - 69 arrows (quivered)
Press: ? - help, Shift-Dir - straight line, f/p - killer bee
Aim: a killer bee (almost dead)
You shoot an arrow. The arrow barely misses the killer bee.
The killer bee stings you but does no damage.
The troll bites you!
* * * LOW HITPOINT WARNING * * *
The troll barely misses you. The troll claws you!
You die...

, #....(....#
#####.(....(..# ,
....
,........(((...#
.... ,.........(..(#
* #..# ###.........#
#..# #.........#
#..# #.(.......#
#..#######Ty#####..#
#..........@# ..# *
#...........# .#
#..#######..# .# ,
#..# #..# * , #..#
#..# * * , #..# #..#
*
*#####..#######..###
* *
....................
,
....................
, ,


You could see a troll and a killer bee.

Vanquished Creatures
  Gastronok (D:9)
  5 two-headed ogres
  The ghost of SlightEye the Insei, a novice OpFi of Uskayaw (D:6)
  2 trolls (D:10)
  Grinder (D:6)
  2 hippogriffs
  A vampire (D:10)
  7 yaks (D:9)
  2 hungry ghosts
  6 sky beasts
  4 ice beasts
  4 orc warriors
  An eye of draining (D:10)
  A phantom (D:6)
  A black bear (D:8)
  3 ogres
  2 centaurs
  A bullfrog (D:7)
  A gnoll sergeant (D:10)
  5 scorpions
  6 wights (D:7)
  9 killer bees
  4 crimson imps
  A bullfrog zombie (D:5)
  A jelly (D:10)
  3 orc priests
  3 centaur skeletons
  5 hounds
  8 iguanas
  7 orc wizards
  5 worker ants
  A big kobold zombie (Ossuary)
  2 hound skeletons (D:4)
  8 mummies (Ossuary)
  11 gnolls
  7 adders
  An adder skeleton (D:9)
  An adder zombie (D:3)
  3 dart slugs
  5 leopard geckos
  27 orcs
  4 giant cockroaches
  11 goblins
  8 hobgoblins
  9 jackals
  10 kobolds
  6 quokkas
  A ball python (D:2)
  4 bats
  9 frilled lizards
  2 gnoll zombies (Ossuary)
  A hobgoblin zombie (Ossuary)
  4 kobold zombies
  A leopard gecko skeleton (D:6)
  A leopard gecko zombie (D:5)
  An orc zombie (Ossuary)
  A quokka skeleton (D:6)
  11 rats
253 creatures vanquished.

Notes
Turn   | Place    | Note
-------+----------+-------------------------------------------
     0 | D:1      | 3rdEnemy the Centaur Hunter began the quest for the Orb.
     0 | D:1      | Reached XP level 1. HP: 17/17 MP: 1/1
   218 | D:1      | Reached XP level 2. HP: 22/24 MP: 2/2
  1064 | D:1      | Reached XP level 3. HP: 30/30 MP: 3/3
  1412 | D:2      | Found an iron altar of Okawaru.
  1632 | D:2      | Found a snail-covered altar of Cheibriados.
  1632 | D:2      | Found a hide-covered altar of Uskayaw.
  1637 | D:2      | Found a bloodstained altar of Trog.
  1640 | D:2      | Found a faded altar of an unknown god.
  1642 | D:2      | Found an ancient bone altar of Kikubaaqudgha.
  1823 | D:2      | Became a worshipper of Warmaster Okawaru
  1844 | D:2      | Gained mutation: You occasionally shout uncontrollably at your foes. [potion of mutation]
  1844 | D:2      | Gained mutation: You can translocate small distances at will. [potion of mutation]
  2069 | D:3      | Reached skill level 1 in Armour
  2211 | D:3      | Reached XP level 4. HP: 36/37 MP: 4/4
  2502 | D:3      | Reached skill level 6 in Bows
  2772 | D:4      | Reached XP level 5. HP: 38/45 MP: 5/5
  2858 | D:4      | Noticed an ogre
  2868 | D:4      | Killed an ogre
  2868 | D:4      | Reached skill level 7 in Bows
  2886 | D:4      | Found a sand-covered staircase.
  2918 | D:4      | Found a snail-covered altar of Cheibriados.
  2934 | Ossuary  | Entered an ossuary
  2949 | Ossuary  | Reached XP level 6. HP: 49/52 MP: 6/6
  3277 | Ossuary  | Lost mutation: You can translocate small distances at will. [potion of mutation]
  3277 | Ossuary  | Lost mutation: You occasionally shout uncontrollably at your foes. [potion of mutation]
  3277 | Ossuary  | Gained mutation: Your spells are a little harder to cast, but a little more powerful. [potion of mutation]
  3277 | Ossuary  | Gained mutation: You are agile. (Dex +2) [potion of mutation]
  3278 | Ossuary  | Lost mutation: You are agile. (Dex +2) [potion of mutation]
  3278 | Ossuary  | Lost mutation: Your spells are a little harder to cast, but a little more powerful. [potion of mutation]
  3278 | Ossuary  | Gained mutation: You passively map a small area around you. [potion of mutation]
  3278 | Ossuary  | Gained mutation: You have an increased reservoir of magic. (+10% MP) [potion of mutation]
  3278 | Ossuary  | Gained mutation: Your system is resistant to poisons. (rPois) [potion of mutation]
  3625 | D:4      | Reached * piety under Okawaru
  3625 | D:4      | Reached skill level 8 in Bows
  3742 | D:5      | Entered Level 5 of the Dungeon
  3743 | D:5      | Noticed an ice beast
  3775 | D:5      | Killed an ice beast
  3775 | D:5      | Reached XP level 7. HP: 50/60 MP: 7/7
  3832 | D:5      | Found a staircase to the Ecumenical Temple.
  3870 | D:5      | Found a basalt altar of Yredelemnul.
  3903 | D:5      | Reached skill level 9 in Bows
  4007 | D:5      | Reached ** piety under Okawaru
  4081 | D:5      | Reached skill level 5 in Fighting
  4395 | D:6      | Found Ciehumei's Antique Armour Shoppe.
  4403 | D:6      | Bought a twisted scale mail for 234 gold pieces
  4413 | D:6      | Identified the +6 scale mail of Munyo {rPois rC+} (You bought it in a shop on level 6 of the Dungeon)
  4443 | D:6      | Reached skill level 10 in Bows
  4522 | D:6      | Noticed SlightEye's ghost (novice OpFi)
  4535 | D:6      | Killed SlightEye's ghost
  4535 | D:6      | Reached *** piety under Okawaru
  4535 | D:6      | Reached skill level 11 in Bows
  4535 | D:6      | Reached XP level 8. HP: 42/70 MP: 7/10
  4667 | D:6      | Found Orhen's Book Shop.
  4676 | D:6      | Found a shimmering altar of Xom.
  4736 | D:6      | Received a gift from Okawaru
  4771 | D:6      | Found a glowing golden altar of the Shining One.
  4864 | D:6      | Found Laaps's Magic Scroll Shoppe.
  4869 | D:6      | Bought a scroll of remove curse for 36 gold pieces
  4960 | D:6      | Noticed Grinder
  4993 | D:6      | Killed Grinder
  5147 | D:6      | Found Koeh's Book Emporium.
  5618 | D:7      | Reached **** piety under Okawaru
  5618 | D:7      | Reached XP level 9. HP: 61/78 MP: 11/13
  5689 | D:7      | Reached skill level 12 in Bows
  5878 | D:7      | Received a gift from Okawaru
  6206 | D:7      | Found a stormy altar of Qazlal.
  6353 | D:7      | Reached skill level 5 in Invocations
  6386 | D:7      | Reached skill level 13 in Bows
  6534 | D:7      | Received a gift from Okawaru
  6619 | D:8      | Found a hazy altar of Hepliaklqana.
  6619 | D:8      | Found a blossoming altar of Fedhas.
  6698 | D:8      | Found a sparkling altar of Nemelex Xobeh.
  6721 | D:8      | Noticed a two-headed ogre
  6730 | D:8      | Killed a two-headed ogre
  6730 | D:8      | Reached ***** piety under Okawaru
  6730 | D:8      | Reached skill level 14 in Bows
  6730 | D:8      | Reached XP level 10. HP: 88/88 MP: 15/15
  6878 | D:8      | Noticed a two-headed ogre
  6949 | D:8      | Killed a two-headed ogre
  7322 | D:8      | Received a gift from Okawaru
  7327 | D:8      | Reached skill level 15 in Bows
  7440 | D:8      | Found a blossoming altar of Fedhas.
  7602 | D:8      | Noticed a two-headed ogre
  7619 | D:8      | Killed a two-headed ogre
  7800 | D:9      | Noticed a two-headed ogre
  7823 | D:9      | Killed a two-headed ogre
  7823 | D:9      | Received a gift from Okawaru
  7975 | D:9      | Noticed Gastronok
  8005 | D:9      | Killed Gastronok
  8005 | D:9      | Reached skill level 16 in Bows
  8005 | D:9      | Reached XP level 11. HP: 74/99 MP: 16/16
  8158 | D:9      | Found a shadowy altar of Dithmenos.
  8319 | D:9      | Received a gift from Okawaru
  8319 | D:9      | Reached skill level 10 in Fighting
  8444 | D:9      | Noticed a two-headed ogre
  8474 | D:9      | Killed a two-headed ogre
  8474 | D:9      | Reached skill level 17 in Bows
  8827 | D:10     | Entered Level 10 of the Dungeon
  8913 | D:10     | Found a staircase to the Orcish Mines.
  9339 | D:10     | Found Bajuc's Gadget Shop.
 10211 | D:11     | Slain by a troll

Skill      XL: |  1  2  3  4  5  6  7  8  9 10 11 |
---------------+----------------------------------+-----
Armour         | 1 2 |  2.9
Dodging        | 2 3 |  3.0
Fighting       | 3 4 6 8 9 10 | 10.0
Bows           | 6 7 8 11 14 16 17 | 17.5
Invocations    | 2 3 5 6 |  6.0
Stealth        | |  0.5

Action                   |  1- 3 |  4- 6 |  7- 9 | 10-12 || total
-------------------------+-------+-------+-------+-------++-------
Melee: Short sword       |   177 |    79 |       |       ||   256
       Kick              |    24 |    27 |     1 |     1 ||    53
       Shortbow          |       |       |     1 |     4 ||     5
 Fire: Shortbow          |    14 |   104 |   400 |   550 ||  1068
  Use: Potion            |     8 |     8 |       |     2 ||    18
       Scroll            |     4 |     1 |     4 |       ||     9
  Eat: Chunk             |     3 |     4 |     9 |    25 ||    41
Armor: Leather armour    |    33 |       |       |       ||    33
       Ring mail         |    19 |    68 |     9 |       ||    96
       Scale mail        |       |       |    53 |   120 ||   173
Dodge: Dodged            |    81 |    61 |    52 |    66 ||   260
